 Dungeon Crawl Stone Soup version 0.27-a0-650-g8dd3ea4f36 (webtiles) character file.

Game seed: 14497649571173975624

98 Corwin the Chopper (level 4, -1/41 HPs)
             Began as a Hill Orc Monk on Mar 15, 2021.
             Slain by Crazy Yiuf
             ... wielding a +4 quarterstaff of chaos
              (10 damage)
             ... on level 2 of the Dungeon.
             The game lasted 00:11:09 (3022 turns).

Corwin the Chopper (Hill Orc Monk)                  Turns: 3022, Time: 00:11:10

Health: -1/41      AC:  5    Str: 14      XL:     4   Next: 69%
Magic:  4/4        EV: 12    Int:  9 (10) God:
Gold:   48         SH:  0    Dex: 12 (13) Spells: 3/3 levels left

rFire    . . .     SeeInvis .   a - +0 hand axe
rCold    . . .     Faith    .   (no shield)
rNeg     . . .     Spirit   .   b - +1 robe
rPois    .         Reflect  .   c - +2 hat
rElec    .         Harm     .   (no cloak)
rCorr    .         Rampage  .   (no gloves)
Will     .....                  (no boots)
Stlth    ++........             (no amulet)
HPRegen  0.13/turn              (no ring)
MPRegen  0.09/turn              (no ring)

@: no status effects
A: subdued magic 1, MP-powered wands
a: no special abilities


You were on level 2 of the Dungeon.
You visited 1 branch of the dungeon, and saw 2 of its levels.

You collected 48 gold pieces.

Inventory:

Hand Weapons
 a - a +0 hand axe (weapon)
Armour
 b - a +1 robe (worn)
 c - a +2 hat (worn)
Jewellery
 h - an amulet of faith
Scrolls
 e - 2 scrolls of identify
Potions
 d - a potion of curing {unknown}


   Skills:
 + Level 4.3 Fighting
 + Level 5.4 Axes
 + Level 3.0 Dodging
 + Level 2.0 Stealth


You had 3 spell levels left.
You didn't know any spells.
Your spell library was empty.

Dungeon Overview and Level Annotations

Branches:
Dungeon (2/15)

Altars:
Hepliaklqana

Annotations:
D:2 Crazy Yiuf


Innate Abilities, Weirdness & Mutations

Your spells are a little easier to cast, but a little less powerful.
You expend magic power (3 MP) to strengthen your wands.


Message History

As you read the scroll labelled VACWOESIMN, it crumbles to dust.
You feel strangely unstable.
It was a scroll of teleportation.
You open the door. You hit Crazy Yiuf but do no damage.
Crazy Yiuf hits you with a +4 quarterstaff of chaos.
You are poisoned.
You barely miss Crazy Yiuf.
Your surroundings suddenly seem different.
You feel sick.
You feel sick.
You feel sick.
You feel sick.
You feel sick.
You feel sick.
You feel sick.
You feel sick.
You feel sick.
You feel sick.
You start resting.
You feel sick. x5
You are no longer poisoned.
You start resting.
HP restored.
Crazy Yiuf is nearby!
Crazy Yiuf shouts!
Crazy Yiuf misses you.
Crazy Yiuf hits you with a +4 quarterstaff of chaos!
Crazy Yiuf freezes you.
Crazy Yiuf yells, "Snower rumpyflump arga!"
Crazy Yiuf hits you with a +4 quarterstaff of chaos.
Crazy Yiuf glowers.
Crazy Yiuf hits you with a +4 quarterstaff of chaos!!
* * * LOW HITPOINT WARNING * * *
You hit Crazy Yiuf.
Crazy Yiuf is moderately wounded.
Crazy Yiuf barely misses you.
You barely miss Crazy Yiuf.
Crazy Yiuf is moderately wounded.
Crazy Yiuf hits you with a +4 quarterstaff of chaos!
You die...

♣♣♣♣♣### ### ♣♣♣.♣..#.##
#...#♣..♣......##
#...g.♣♣♣♣......# #)..#♣♣
♣♣.#...# ### ♣♣###.# #..# #.@## #
#########.g.## # #.##.........# #
#............#
#######.##.........#
........###.......## #########
####.#######.....########........
#............).........#######
##########.............#


You could see Crazy Yiuf.

Vanquished Creatures
  3 adders (D:2)
  4 dart slugs
  2 leopard geckos (D:1)
  3 bats
  3 giant cockroaches
  4 goblins
  9 hobgoblins
  6 jackals (D:1)
  2 quokkas (D:2)
  A ball python (D:2)
  6 frilled lizards
  8 kobolds
  7 rats
58 creatures vanquished.

Notes
Turn   | Place    | Note
-------+----------+-------------------------------------------
     0 | D:1      | Corwin the Hill Orc Monk began the quest for the Orb.
     0 | D:1      | Reached XP level 1. HP: 19/19 MP: 1/1
   218 | D:1      | Reached XP level 2. HP: 20/27 MP: 2/2
   663 | D:1      | Reached XP level 3. HP: 33/33 MP: 3/3
  1671 | D:2      | Reached skill level 5 in Axes
  1671 | D:2      | Reached XP level 4. HP: 40/40 MP: 4/4
  1695 | D:2      | Found a hazy altar of Hepliaklqana.
  2018 | D:2      | Found a runed translucent door.
  2019 | D:2      | Noticed Crazy Yiuf
  2112 | D:2      | Gained mutation: Your spells are a little easier to cast,
                  | but a little less powerful. [potion of mutation]
  2112 | D:2      | Gained mutation: You expend magic power (3 MP) to
                  | strengthen your wands. [potion of mutation]
  3022 | D:2      | Slain by Crazy Yiuf

Illustrated notes

Levels and vault maps discovered:
D:1:      grunt_arrival_lava_bath, layout_loops_corners
D:2:      layout_loops_ring, overflow_temple_1_default, uniq_crazy_yiuf_cottage

Skill      XL: |  1  2  3  4 |
---------------+-------------+-----
Fighting       | 4 |  4.3
Axes           | 5 |  5.4
Stealth        | 2 |  2.0
Dodging        | 3 |  3.0

Action                   |  1- 3 |  4- 6 || total
-------------------------+-------+-------++-------
Melee: Hand axe          |   140 |    46 ||   186
  Use: Potion            |     2 |     3 ||     5
       Scroll            |     2 |     1 ||     3
 Stab: Sleeping          |     3 |     3 ||     6
Armor: Robe              |    40 |     7 ||    47
Dodge: Dodged            |    87 |    27 ||   114

Table legend: (Time is in decaauts)
 A = Elapsed time spent in this place.
 B = Non-inter-level travel time spent in this place.
 C = Inter-level travel time spent in this place.
 D = Time resting spent in this place.
 E = Time spent auto-exploring this place.
 F = Levels seen in this place.
 G = Mean time per level.
                   A        B        C        D        E       F      G
               +--------+--------+--------+--------+--------+-----+--------+
         Total |   3026 |   2991 |     35 |    813 |   1690 |   2 | 1513.0 |
       Dungeon |   3026 |   2991 |     35 |    813 |   1690 |   2 | 1513.0 |
               +--------+--------+--------+--------+--------+-----+--------+

Top non-repeatable levels by time:
     D:1: 1666 daAuts
     D:2: 1359 daAuts
